 Dungeon Sprint DCSS version 0.26-a0-658-gbdda728c12 (webtiles) character file.

Game seed: 13139405547903198307

24 sahdkjhfkaj the Transmogrifier (level 6, -15/38 HPs)
             Began as an Octopode Transmuter on Oct 4, 2020.
             Was an Initiate of Gozag.
             Demolished by a boulder beetle (22 damage)
             ... in the Dungeon (Sprint VI: "Thunderdome").
             The game lasted 00:02:07 (434 turns).

sahdkjhfkaj the Transmogrifier (Octopode Transmuter) Turns: 434, Time: 00:02:08

Health: -15/38     AC:  1    Str: 11    XL:     6   Next: 13%
Magic:  9/9        EV: 13    Int: 16    God:    Gozag
Gold:   217        SH:  0    Dex: 12    Spells: 2/9 levels left

rFire    . . .     SeeInvis .     - Unarmed
rCold    . . .     Faith    .   (no shield)
rNeg     . . .     Spirit   .   (helmet restricted)
rPois    .         Reflect  .   (no amulet)
rElec    .         Harm     .   (no ring)
rCorr    .         Rampage  .   (no ring)
MR       .....     NoTele   +   (no ring)
Stlth    ++........             (no ring)
HPRegen  0.12/turn              (no ring)
MPRegen  0.11/turn              (no ring)
                                (no ring)
                                (no ring)

@: hasted, very quick
A: almost no armour, stealthy swim, amphibious, 8 rings, constrict 8, camouflage
1, gelatinous body 1
a: Potion Petition, Call Merchant, Bribe Branch, Renounce Religion


You were in the Dungeon.
You worshipped Gozag.
Gozag was aware of your devotion.
You visited 1 branch You collected 672 gold pieces.
You spent 455 gold pieces at shops.

Inventory:

Wands
 a - a wand of acid (1)
Scrolls
 g - 4 scrolls of blinking
 i - 3 scrolls of fog
Potions
 c - a potion of heal wounds
 d - 3 potions of haste
 e - 2 potions of magic
 j - a potion of resistance
 k - a potion of might


   Skills:
 - Level 1.0 Fighting
 - Level 2.0 Dodging
 - Level 8.3 Unarmed Combat
 + Level 2.0 Spellcasting
 + Level 9.7 Transmutations
 + Level 0.0 Earth Magic


You had 2 spell levels left.
You knew the following spells:

 Your Spells              Type           Power        Failure   Level
a - Beastly Appendage     Tmut           ####..       1%          1
S - Statue Form           Tmut/Erth      ###......    99%         6

Your spell library contained the following spells:

 Spells                   Type           Power        Failure   Level
 Wereblood                Tmut           ####....     1%          2
 Spider Form              Tmut/Pois      ###.......   9%          3
 Blade Hands              Tmut           ####......   11%         5
 Ice Form                 Ice/Tmut       ###.....     28%         4
 Leda's Liquefaction      Hex/Erth       #.........   90%         4
 Bolt of Magma            Conj/Fire/Erth #.........   99%         5
 Iron Shot                Conj/Erth      #.........   100%        6
 Shatter                  Erth           #.........   100%        9


Dungeon Overview and Level Annotations

Branches:
Dungeon (1/1)

Altars:
Cheibriados
Fedhas
Gozag
Kikubaaqudgha
Makhleb
Okawaru
Ru
Sif Muna
Uskayaw
Vehumet
Wu Jian
Xom
Yredelemnul
Zin
The Shining One
Beogh
Jiyva
Lugonu

Shops:
D *[??*?*:[((


Innate Abilities, Weirdness & Mutations

You cannot wear most types of armour.
You are very stealthy in the water. (Stealth+)
You are amphibious.
You can wear up to eight rings at the same time.
You can use your tentacles to constrict eight enemies at once.
Your skin changes colour to match your surroundings (Stealth+).
Your rubbery body absorbs attacks. (AC +1, EV +1)


Message History

The boulder beetle is heavily wounded.
The now-empty wand crumbles to dust.
You constrict the gargoyle, but do no damage.
The boulder beetle misses you.
Unknown command.
Unknown command.
Evoke which item? (* to show all) (? for menu, Esc to quit)
Aiming: Corrosive Bolt
Press: ? - help, Shift-Dir - straight line, f - boulder beetle
Aim: a boulder beetle (heavily wounded)
The bolt of acid hits the boulder beetle but does no damage.
The boulder beetle is heavily wounded.
You constrict the gargoyle, but do no damage.
The gargoyle hurls a stone arrow at you.
The stone arrow misses you.
The stone arrow hits the boulder beetle.
The boulder beetle bites you!!
Ouch! That really hurt!
You die...
Your body crumbles into a pile of gold.

##### ##⌠⌠§## #.....#
##.....## ##∩.B...∩##
#∩..@....∩#
#_..9...._#
#........_#
#_......._#
###.........###
#⌠...........⌠#
######.8.........8.#
##.___......###......_
###∩........8.#
#.8.....


You could see a boulder beetle and a gargoyle.

Vanquished Creatures
  2 water moccasins (D)
  Jessica (D)
  An adder (D)
  2 hobgoblins (D)
  A jackal (D)
  2 ball pythons (D)
  A bat (D)
10 creatures vanquished.

Notes
Turn   | Place    | Note
-------+----------+-------------------------------------------
     0 | D        | sahdkjhfkaj the Octopode Transmuter began the quest for the
                  | Orb.
     0 | D        | Reached XP level 1. HP: 13/13 MP: 3/3
     1 | D        | Found an ancient bone altar of Kikubaaqudgha.
     1 | D        | Found a hide-covered altar of Uskayaw.
     2 | D        | Found a blossoming altar of Fedhas.
     3 | D        | Found a snail-covered altar of Cheibriados.
     3 | D        | Found a corrupted altar of Lugonu.
     4 | D        | Found a radiant altar of Vehumet.
     4 | D        | Found a viscous altar of Jiyva.
     4 | D        | Found Wittelih's Magic Scroll Shop.
     4 | D        | Found Nadiecon's Staff Store.
     5 | D        | Found an ornate altar of the Wu Jian Council.
     5 | D        | Found Dutan's Magic Scroll Shop.
     5 | D        | Found Arunak's Must-Have Magic.
     5 | D        | Round 1.
     7 | D        | Found Diaverurr's Jewellery.
     7 | D        | Found Gujon's Advanced Armour.
     8 | D        | Found an iron altar of Okawaru.
     8 | D        | Found a glowing silver altar of Zin.
     8 | D        | Found a sacrificial altar of Ru.
     8 | D        | Found Ovawegu's Identification Station.
    28 | D        | Found a shimmering altar of Xom.
    29 | D        | Found a shimmering blue altar of Sif Muna.
    31 | D        | Found a basalt altar of Yredelemnul.
    31 | D        | Found an opulent altar of Gozag.
    31 | D        | Found a burning altar of Makhleb.
    31 | D        | Found Varask's Premium Goods.
    31 | D        | Found Ropnoxes's Weapon Rack.
    32 | D        | Found Pessenk's Miscellaneous Merchandise.
    32 | D        | Found Ehoit's Basic Armour.
    36 | D        | Found a glowing golden altar of the Shining One.
    40 | D        | Became a worshipper of Gozag Ym Sagoz the Greedy
    48 | D        | Noticed Jessica
    57 | D        | Killed Jessica
    57 | D        | Reached XP level 2. HP: 12/18 MP: 5/5
    57 | D        | Reached XP level 3. HP: 16/23 MP: 6/6
   171 | D        | Arena points: 12 (+12) [x2]
   198 | D        | Round 2.
   233 | D        | Found a roughly hewn altar of Beogh.
   239 | D        | Bought a book of the Earth for 455 gold pieces
   320 | D        | Noticed a water moccasin
   320 | D        | Noticed a water moccasin
   330 | D        | Killed a water moccasin
   330 | D        | Reached skill level 6 in Transmutations
   330 | D        | Reached XP level 4. HP: 7/28 MP: 7/7
   330 | D        | Reached XP level 5. HP: 8/33 MP: 8/8
   333 | D        | Killed a water moccasin
   333 | D        | Reached skill level 9 in Transmutations
   333 | D        | Reached XP level 6. HP: 6/38 MP: 9/9
   337 | D        | HP: 1/38 [poisoned by a water moccasin]
   368 | D        | Arena points: 24 (+12) [x1]
   376 | D        | Learned a level 6 spell: Statue Form
   383 | D        | Round 3.
   409 | D        | Noticed a gargoyle
   424 | D        | Noticed a boulder beetle
   434 | D        | Demolished by a boulder beetle

Illustrated notes

Levels and vault maps discovered:
D:        arena_sprint

Skill      XL: |  1  2  3  4  5 |
---------------+----------------+-----
Unarmed Combat | 6 8 |  8.3
Transmutations | 6 9 |  9.7
Fighting       | |  1.0
Dodging        | |  2.0
Spellcasting   | |  2.0

Action                   |  1- 3 |  4- 6 || total
-------------------------+-------+-------++-------
Melee: Unarmed           |    26 |    13 ||    39
       Tentacles         |     5 |     4 ||     9
       Constrict         |     8 |     1 ||     9
       Punch             |     1 |     2 ||     3
Evoke: Wand              |       |     9 ||     9
  Use: Potion            |     2 |     4 ||     6
Armor: Skin              |     1 |       ||     1
Dodge: Dodged            |    21 |    14 ||    35

Table legend: (Time is in decaauts)
 A = Elapsed time spent in this place.
 B = Non-inter-level travel time spent in this place.
 C = Inter-level travel time spent in this place.
 D = Time resting spent in this place.
 E = Time spent auto-exploring this place.
 F = Levels seen in this place.
 G = Mean time per level.
                   A        B        C        D        E       F      G
               +--------+--------+--------+--------+--------+-----+--------+
         Total |    435 |    435 |      0 |    127 |    149 |   1 |  435.0 |
       Dungeon |    435 |    435 |      0 |    127 |    149 |   1 |  435.0 |
               +--------+--------+--------+--------+--------+-----+--------+

Top non-repeatable levels by time:
       D: 435 daAuts
